 Dungeon Crawl Stone Soup version 0.30-a0-463-g4188047c90 (webtiles) character file.

Game seed: 2423893562161610207

195 M4edhros the Charlatan (level 5, 0/33 HPs)
             Began as an Octopode Artificer on Dec 17, 2022.
             Slain by a centaur (3 damage)
             ... on level 5 of the Dungeon.
             The game lasted 00:01:44 (525 turns).

M4edhros the Charlatan (Octopode Artificer)          Turns: 525, Time: 00:01:45

Health: 0/33       AC:  1    Str: 11    XL:     5   Next: 74%
Magic:  5/5        EV: 14    Int: 14    God:
Gold:   69         SH:  0    Dex: 14    Spells: 4/4 levels left

rFire   . . .      SeeInvis .    (no weapon)
rCold   . . .      Faith    .    (no shield)
rNeg    . . .      Spirit   .    (helmet restricted)
rPois   .          Reflect  .    (no amulet)
rElec   .          Harm     .    (no ring)
rCorr   .          Rampage  .    (no ring)
Will    .....                    (no ring)
Stlth   ++++......               (no ring)
HPRegen 0.25/turn                (no ring)
MPRegen 0.09/turn                (no ring)
                                 (no ring)
                                 (no ring)

@: no status effects
A: almost no armour, amphibious, 8 rings, camouflage 1, gelatinous body 1,
(nimble swimmer 1), tentacles
a: no special abilities


You were on level 5 of the Dungeon.
You visited 1 branch of the dungeon, and saw 5 of its levels.

You collected 69 gold pieces.

Inventory:

Wands
 b - a wand of flame (5) (quivered)
 c - a wand of charming (9)
 d - a wand of iceblast (4)
Scrolls
 f - a scroll of identify {unknown}
Potions
 a - a potion of curing {unknown}
 e - 2 potions of ambrosia {unknown}


   Skills:
 - Level 1.0 Fighting
 * Level 4.4 Dodging
 + Level 4.0 Stealth
 + Level 4.4 Evocations


You had 4 spell levels left.
You didn't know any spells.
Your spell library was empty.

Dungeon Overview and Level Annotations

Branches:
Dungeon (5/15)
 Temple: D:4-7

Altars:


Innate Abilities, Weirdness & Mutations

You cannot wear most types of armour.
You are amphibious.
You can wear up to eight rings at the same time.
Your skin changes colour to match your surroundings (Stealth+).
Your rubbery body absorbs attacks. (AC +1, EV +1)
((You are camouflaged when in or above water. (Stealth+)))
You have tentacles for arms and can constrict up to eight enemies at once.


Message History

The centaur misses you. The centaur closely misses you.
You tentacle-slap the centaur. You squeeze the centaur.
The centaur is moderately wounded.
The centaur closely misses you. The centaur misses you.
The centaur completely misses you.
The centaur kicks you but does no damage.
You barely miss the centaur.
The centaur is moderately wounded.
The centaur closely misses you. The centaur barely misses you.
You tentacle-slap the centaur.
The centaur is heavily wounded.
The centaur hits you. The centaur kicks you. The centaur hits you.
The centaur kicks you.
You tentacle-slap the centaur.
The centaur is heavily wounded.
The centaur barely misses you. The centaur closely misses you.
You barely miss the centaur.
The centaur is heavily wounded.
The centaur misses you. The centaur completely misses you.
The centaur hits you. The centaur closely misses you.
You tentacle-slap the centaur but do no damage.
You squeeze the centaur.
The centaur is severely wounded.
The centaur hits you. The centaur kicks you.
You tentacle-slap the centaur but do no damage.
Your squeeze misses the centaur.
The centaur is severely wounded.
The centaur hits you.
* * * LOW HITPOINT WARNING * * *
The centaur completely misses you. The centaur closely misses you.
The centaur misses you.
Aiming: Throw Flame
Press: ? - help, Shift-Dir - straight line, f - centaur
Aim: a centaur (severely wounded, 84% to hit)
The puff of flame hits the centaur.
The centaur is almost dead.
The centaur hits you.
* * * LOW HITPOINT WARNING * * *
The centaur kicks you.
You die...

........#.#...########.........
.>......# #.#.# #...........
........# ....# #.#.........
........###.###### #.#........#
............ ..# #.#.#.####.#
.......####. #.###.#.#.#
.......### ###.#.<...#.#
.........# ..#c#.#[#.#.#
.......#+## #.#@#...#.#..
..........# #.#.#########
..........# #.#........
..........# #.).#(#####
.......#'#######.#.#
#......#.........#+#+
#...........)..........
#...........).........#
......................#


You could see a centaur.

Vanquished Creatures
  A scorpion (D:4)
  A jelly (D:5)
  An orc priest (D:4)
  An iguana (D:5)
  An orc wizard (D:5)
  An ufetubus (D:4)
  7 orcs
  A giant cockroach (D:3)
  A hobgoblin (D:4)
  A kobold (D:3)
  A quokka (D:4)
  A rat (D:2)
18 creatures vanquished.

Vanquished Creatures (collateral kills)
  A ball python (D:4)
  2 kobolds (D:4)
3 creatures vanquished.

Grand Total: 21 creatures vanquished

Notes
Turn   | Place    | Note
-------+----------+-------------------------------------------
     0 | D:1      | M4edhros the Octopode Artificer began the quest for the
                  | Orb.
     0 | D:1      | Reached XP level 1. HP: 13/13 MP: 1/1
    83 | D:4      | Noticed a scorpion
   124 | D:4      | Identified the +1 leather armour of Orocwya {rF+ Int+4}
   126 | D:4      | Noticed an orc priest
   132 | D:4      | Killed an orc priest
   133 | D:4      | Reached XP level 2. HP: 18/18 MP: 2/2
   133 | D:4      | Reached XP level 3. HP: 23/23 MP: 3/3
   163 | D:4      | Killed a scorpion
   164 | D:4      | Reached XP level 4. HP: 23/28 MP: 4/4
   209 | D:4      | Noticed a scorpion
   287 | D:5      | Entered Level 5 of the Dungeon
   349 | D:5      | Reached XP level 5. HP: 23/33 MP: 5/5
   470 | D:5      | Noticed a centaur
   525 | D:5      | Slain by a centaur

Illustrated notes

Levels and vault maps discovered:
D:1:      dreamdust_arrival_sigmund_warning, layout_basic,
          dreamdust_ecumenical_altar_angels_and_demons, minmay_misc_feat_rows,
          minmay_quantized
D:2:      layout_basic, st_stairs_10
D:3:      layout_basic, mainiacjoe_overflow_24_doors,
          grunt_temple_overflow_forces_of_nature, uniq_jessica
D:4:      layout_loops_ring, corexii_shack
D:5:      layout_basic, nemelex_diamond_rough_becter,
          minmay_temple_entry_poolview

Skill      XL: |  1  2  3  4  5 |
---------------+----------------+-----
Dodging        | 3 4 |  4.4
Stealth        | 2 3 4 |  4.0
Evocations     | 4 |  4.4
Fighting       | |  1.0

Action                   |  1- 3 |  4- 6 || total
-------------------------+-------+-------++-------
Melee: Unarmed           |    16 |    32 ||    48
       Tentacles         |     5 |    11 ||    16
       Constrict         |     5 |     7 ||    12
       Club              |     1 |       ||     1
Evoke: Wand              |    10 |     7 ||    17
 Stab: Sleeping          |     1 |     2 ||     3
Armor: Skin              |       |     6 ||     6
Dodge: Dodged            |    16 |    32 ||    48

Table legend: (Time is in decaauts)
 A = Elapsed time spent in this place.
 B = Non-inter-level travel time spent in this place.
 C = Inter-level travel time spent in this place.
 D = Time resting spent in this place.
 E = Time spent auto-exploring this place.
 F = Levels seen in this place.
 G = Mean time per level.
                   A        B        C        D        E       F      G
               +--------+--------+--------+--------+--------+-----+--------+
         Total |    524 |    519 |      5 |     29 |    276 |   5 |  104.8 |
       Dungeon |    524 |    519 |      5 |     29 |    276 |   5 |  104.8 |
               +--------+--------+--------+--------+--------+-----+--------+

Top non-repeatable levels by time:
     D:5: 237 daAuts
     D:4: 207 daAuts
     D:3: 58 daAuts
     D:2: 14 daAuts
     D:1: 6 daAuts
